[Event "84th Annual Southwest Open"]
[Site "Irving"]
[Date "2018.08.31"]
[Round "1"]
[White "Stefanov, Emil"]
[Black "Kumar, Naman"]
[Result "1-0"]
[ECO "E81"]
[WhiteElo "2407"]
[BlackElo "1914"]
[Annotator "ChessBase"]
[PlyCount "73"]
[EventDate "2018.08.31"]
[EventType "swiss"]
[EventCountry "USA"]
[SourceTitle "playchess.com"]
[Source "ChessBase"]
[SourceQuality "1"]
[TimeControl "5400+30"]

1. d4 Nf6 2. c4 g6 3. Nc3 Bg7 4. e4 d6 5. f3 O-O 6. Be3 c5 7. d5 a6 8. Qd2 Qa5 9. a4 Ne8 10. Ra3 Bd7 11. Bd3 Bxc3 12. bxc3 b5 13. Bh6 Ng7 14. Ne2 Rc8 15. h4 bxc4 16. Bc2 Ne8 17. h5 Qb6 18. hxg6 fxg6 19. Qg5 Qd8 20. Qh4 Nf6 21. Bg5 Qf8 22. Bxf6 Qxf6 23. Qxh7+ Kf8 24. Nf4 Qg7 25. Nxg6+ Kf7 26. e5 dxe5 27. Nxe5+ Kf8 28. Ng6+ Kf7 29. Qh4 Qf6 30. Qe4 Rg8 31. Rh7+ Rg7 32. Rxg7+ Kxg7 33. Nxe7 Qh6 34. Qe5+ Kf8 35. Ng6+ Kg8 36. Qf4 Qg7 37. Qxc4 1-0

[Event "84th Annual Southwest Open"]
[Site "Irving"]
[Date "2018.09.02"]
[Round "4"]
[White "Ynojosa Aponte, Felix Jose"]
[Black "Nguyen, Emily"]
[Result "1-0"]
[ECO "D36"]
[WhiteElo "2370"]
[BlackElo "2194"]
[Annotator "NA RC"]
[PlyCount "79"]
[EventDate "2018.08.31"]
[EventType "swiss"]
[EventCountry "USA"]
[SourceTitle "playchess.com"]
[Source "ChessBase"]
[SourceQuality "1"]
[TimeControl "5400+30"]

1. c4 e6 2. Nc3 d5 3. d4 Nf6 4. Bg5 c6 5. e3 Nbd7 6. cxd5 exd5 7. Bd3 Be7 8. Qc2 O-O 9. h3 Re8 10. Nf3 Nf8 {[%emt 0:02:25] LiveBook: 795 Partien} 11. Rb1 {[%emt 0:01:35] D36: Queen's Gambit Declined: Exchange Variation: Main line (5 Bg5 c6 6 Qc2)} (11. O-O Be6 12. Ne5 N6d7 13. Bxe7 Qxe7 14. f4 f6 15. Nxd7 Qxd7 16. Rae1 Re7 17. f5 Bf7 18. Qf2 Rae8 19. Qf4 g5 20. fxg6 Bxg6 21. Bxg6 Nxg6 {½-½ (41) Rakhmanov,A (2659)-Berkes,F (2653) Hungary 2017}) 11... a5 12. a3 Ne4 13. Bf4 Bd6 $146 ({Predecessor:} 13... Nxc3 14. bxc3 Bxa3 15. c4 dxc4 16. Bxc4 Bb4+ 17. Ke2 Be6 18. Bd3 Qd5 {0-1 (32) Kleibel,U (1999)-Mazarov,J (2177) playchess.com INT 2009}) 14. Bxd6 Nxd6 15. O-O Qf6 16. Ne5 Bf5 17. b4 axb4 18. axb4 Bxd3 19. Qxd3 Qe6 20. b5 f6 21. Nf3 Ra3 22. bxc6 bxc6 ({Black should play} 22... Ne4 $11 23. Nxe4 Rxd3) 23. Nd2 Nd7 24. Qc2 Rea8 25. Rfc1 R3a6 26. e4 dxe4 27. Ncxe4 Nxe4 28. Nxe4 Ra4 29. Rd1 Ra2 30. Qd3 R2a3 31. Nc3 Nf8 32. Rb6 Rc8 33. Rb7 Rd8 34. Qd2 Qc4 35. Ne4 Ra4 $2 {[%emt 0:01:35] [#]} (35... Rb3 $11 {and Black has nothing to worry.} 36. Re7 Qb4) 36. Qe3 (36. Qf4 $1 $16 Rxd4 37. Rxd4 Qxd4 38. Qg3 Ra1+ 39. Kh2) 36... Rxd4 $2 ({Better is} 36... Rb4 $14 37. Re7 Qc2) 37. Rc1 Qe6 $2 (37... Rxe4 {is a better defense.} 38. Rxc4 Rxe3 39. Rxa4 Re8) 38. Qg3 g6 $18 (38... Rd7 $142) 39. Nc5 $1 ({Avoid the trap} 39. Qc7 $2 Rd7 $19) 39... Qa2 40. Qc7 1-0

[Event "84th Annual Southwest Open"]
[Site "Irving"]
[Date "2018.09.02"]
[Round "6"]
[White "Sanchez, Robert"]
[Black "Cervantes Landeiro, Thalia"]
[Result "1/2-1/2"]
[ECO "A87"]
[WhiteElo "1834"]
[BlackElo "2172"]
[Annotator "NA"]
[PlyCount "117"]
[EventDate "2018.08.31"]
[EventType "swiss"]
[EventCountry "USA"]
[SourceTitle "playchess.com"]
[Source "ChessBase"]
[SourceQuality "1"]
[TimeControl "5400+30"]

1. d4 f5 2. g3 Nf6 3. Bg2 g6 4. c4 Bg7 5. Nc3 d6 6. Nf3 O-O 7. O-O Qe8 8. d5 a5 9. Be3 Na6 10. Qc1 {[%emt 0:01:41] A87: Dutch Defence: Leningrad System: 5 Nf3} Ng4 11. Bd4 Bh6 12. Qd1 e5 13. dxe6 c5 {[%emt 0:00:02] [#]} 14. Be3 $146 ({Predecessor:} 14. e7 Rf7 15. Nb5 cxd4 16. Nxd6 Qxe7 17. Nxf7 Kxf7 {½-½ (43) Adianto,U (2591)-Hoang,T (2447) Jakarta 2004}) 14... Bxe3 15. fxe3 Nxe3 16. Qd3 Nxg2 17. Kxg2 Nb4 18. Qxd6 Qxe6 19. Qxe6+ Bxe6 20. Rac1 Bxc4 21. Ne5 Be6 ({Of course not} 21... Nxa2 $6 22. Nxc4 Nxc1 23. Rxc1 $11) 22. a3 Nd5 23. Nxd5 Bxd5+ 24. Kf2 f4 25. Nd7 fxg3+ 26. Kxg3 Rxf1 27. Rxf1 Bc6 28. Nxc5 Re8 29. Re1 Re5 30. Nd3 Rg5+ 31. Kf4 Rg2 32. h4 Bb5 33. Kf3 Bc6+ $1 34. Kf4 h5 35. Ne5 Kg7 36. Nxc6 bxc6 37. Kf3 Rg4 38. Rc1 Rxh4 39. Rxc6 Rh3+ 40. Kf2 Rb3 41. Rc5 Rxb2 42. Rxa5 h4 43. Kf3 h3 44. Kg3 Rb3+ 45. Kh2 Kf6 46. Ra6+ Kg5 47. a4 Kh5 48. Rf6 Re3 49. Rf3 Rxe2+ 50. Kxh3 Ra2 51. Rf4 g5 52. Rb4 Ra3+ 53. Kg2 g4 54. Rb8 Rxa4 55. Rb3 Kh4 56. Rc3 Ra2+ 57. Kg1 $11 Re2 58. Ra3 g3 59. Ra8 1/2-1/2

[Event "84th Annual Southwest Open"]
[Site "Irving"]
[Date "2018.09.02"]
[Round "6"]
[White "Huang, Max"]
[Black "Green, Austen"]
[Result "1/2-1/2"]
[ECO "C51"]
[WhiteElo "1805"]
[BlackElo "2066"]
[Annotator "NA RC"]
[PlyCount "101"]
[EventDate "2018.08.31"]
[EventType "swiss"]
[EventCountry "USA"]
[SourceTitle "playchess.com"]
[Source "ChessBase"]
[SourceQuality "1"]
[TimeControl "5400+30"]

1. e4 e5 2. Nf3 Nc6 3. Bc4 Bc5 4. b4 Bd6 5. O-O Nf6 6. c3 O-O 7. d3 a5 8. b5 Ne7 9. d4 Ng6 10. dxe5 Bxe5 11. Nxe5 Nxe5 12. Bb3 d6 13. f4 Ng6 14. Bc2 Re8 15. Qd4 c5 16. Qa4 b6 17. f5 Ne5 18. Bg5 h6 19. Bh4 Neg4 20. h3 Ne5 21. Nd2 Bb7 22. Rad1 d5 23. exd5 Qxd5 24. Ne4 Qc4 25. Nd6 Qxa4 26. Bxa4 Ne4 27. Nxe8 Rxe8 28. Rd8 Rxd8 29. Bxd8 Nxc3 30. Bc2 Nxb5 31. Bxb6 Nd4 32. Bb3 Ne2+ 33. Kh2 c4 34. Re1 cxb3 35. Rxe2 bxa2 36. Rxa2 Nc4 37. Bxa5 Nxa5 38. Rxa5 Be4 39. Re5 Bc2 40. Kg3 g6 41. f6 Bb3 42. h4 Kh7 43. Kf4 Ba2 44. g4 Bb3 45. g5 hxg5+ 46. hxg5 Kg8 47. Re8+ Kh7 48. Ke5 Bc4 49. Kd6 Bb5 50. Rf8 Be8 51. Ke7 1/2-1/2

[Event "84th Annual Southwest Open"]
[Site "Irving"]
[Date "2018.09.03"]
[Round "7"]
[White "Dejmek, Mark"]
[Black "Kumar, Naman"]
[Result "0-1"]
[ECO "B43"]
[WhiteElo "1998"]
[BlackElo "1914"]
[Annotator "NA RC"]
[PlyCount "114"]
[EventDate "2018.08.31"]
[EventType "swiss"]
[EventCountry "USA"]
[SourceTitle "playchess.com"]
[Source "ChessBase"]
[SourceQuality "1"]
[TimeControl "5400+30"]

1. e4 c5 2. Nf3 e6 3. Nc3 a6 4. g3 b5 5. d4 cxd4 6. Nxd4 Bb7 7. Bg2 Qc7 8. O-O d6 9. Re1 Nd7 10. a4 b4 11. Na2 a5 12. c3 bxc3 13. Nxc3 Ngf6 14. Be3 Be7 15. Rc1 Qb8 16. f4 O-O 17. Bf2 Rc8 18. Ndb5 Bf8 19. g4 g6 20. g5 Nh5 21. Qg4 Nc5 22. Rcd1 e5 23. f5 Nf4 24. Bf1 Bc6 25. Bxc5 dxc5 26. Bc4 Rd8 27. Rxd8 Qxd8 28. Rd1 Qc8 29. Nd5 Bxd5 30. Bxd5 c4 31. Bxa8 Qxa8 32. Nc3 Qa7+ 33. Kf1 gxf5 34. Qxf5 Qe3 35. Qg4 Bc5 36. Qg3 Qxg3 37. hxg3 Nd3 38. b3 Bd4 39. Nb5 Nb2 40. Rc1 cxb3 41. Nxd4 exd4 42. Ke2 Nxa4 43. Rc8+ Kg7 44. Kd3 Nc3 45. Rb8 a4 46. Kxd4 Nd1 47. Kd3 b2 48. Kc2 a3 49. Kxd1 a2 50. Rxb2 a1=Q+ 51. Kc2 Qa4+ 52. Kc1 Qxe4 53. Rb3 Qd5 54. Re3 Qxg5 55. Kd2 Qd5+ 56. Ke2 Qg2+ 57. Ke1 Kg6 0-1

[Event "84th Annual Southwest Open"]
[Site "Irving"]
[Date "2018.09.03"]
[Round "8"]
[White "Wang, Justin"]
[Black "Stefanov, Emil"]
[Result "1-0"]
[ECO "C97"]
[WhiteElo "2391"]
[BlackElo "2407"]
[Annotator "ChessBase"]
[PlyCount "113"]
[EventDate "2018.08.31"]
[EventType "swiss"]
[EventCountry "USA"]
[SourceTitle "playchess.com"]
[Source "ChessBase"]
[SourceQuality "1"]
[TimeControl "5400+30"]

1. e4 e5 2. Nf3 Nc6 3. Bb5 a6 4. Ba4 Nf6 5. O-O Be7 6. Re1 b5 7. Bb3 d6 8. c3 O-O 9. h3 Na5 10. Bc2 c5 11. d4 Qc7 12. Nbd2 Rd8 13. d5 c4 14. Nf1 h6 15. Ng3 Bf8 16. Nh2 Nb7 17. Qf3 Qe7 18. Be3 g6 19. Qe2 Nc5 20. Qd2 Kh7 21. b4 cxb3 22. axb3 Bb7 23. b4 Ncd7 24. Bd3 Rdc8 25. Rec1 Bg7 26. Qe2 Qd8 27. Nhf1 Nb6 28. Nd2 Nfd7 29. Nb3 Nc4 30. Bxc4 bxc4 31. Na5 Qc7 32. Ra2 Bf6 33. Nf1 Bg5 34. Bxg5 hxg5 35. Ne3 Nb6 36. Qg4 f6 37. h4 Rh8 38. hxg5 Bc8 39. Qf3 Kg8 40. Qxf6 Qh7 41. f3 Qh1+ 42. Kf2 Qxc1 43. Qxg6+ Kf8 44. Qxd6+ Kg8 45. Qd8+ Kg7 46. Qe7+ Kg8 47. Qe8+ Kg7 48. Qxe5+ Kg8 49. Qe8+ Kg7 50. Qe7+ Kg8 51. g6 Ra7 52. Qxa7 Nd7 53. Ng4 Rh1 54. Qe3 Qb1 55. Kg3 Qxa2 56. Qf4 Ne5 57. Nxe5 1-0

[Event "84th Annual Southwest Open"]
[Site "Irving"]
[Date "2018.09.03"]
[Round "8"]
[White "Li, Ben"]
[Black "Shen, Christopher"]
[Result "1-0"]
[ECO "E90"]
[WhiteElo "2324"]
[BlackElo "2254"]
[Annotator "NA"]
[PlyCount "97"]
[EventDate "2018.08.31"]
[EventType "swiss"]
[EventCountry "USA"]
[SourceTitle "playchess.com"]
[Source "ChessBase"]
[SourceQuality "1"]
[TimeControl "5400+30"]

1. d4 Nf6 2. c4 g6 3. Nc3 Bg7 4. e4 d6 5. Nf3 O-O 6. h3 c5 7. d5 e6 8. Bd3 Na6 9. O-O Nc7 10. Bg5 h6 11. Bh4 {[%emt 0:12:00] E90: King's Indian: Classical: Early deviations and 6 h3} Rb8 $146 ({Predecessor:} 11... e5 12. Nd2 Bd7 13. Be2 Qe8 14. a4 Na6 15. Nb5 Qe7 16. a5 Nb4 17. Na3 Qe8 18. Nc2 Na6 {1-0 (49) Drygalov,A (2435)-Kryakvin,D (2592) Voronezh 2018}) 12. Qd2 e5 13. a3 Bd7 14. b4 b6 15. Rab1 Kh7 16. bxc5 bxc5 17. Rxb8 Qxb8 18. Rb1 Qc8 19. Qb2 Qa6 20. Nb5 Nxb5 21. cxb5 Qa4 {[%emt 0:04:44] [#]} 22. Nd2 $16 Rb8 23. Qb3 Qxb3 24. Rxb3 g5 25. Bg3 Nh5 26. a4 Bf6 27. Be2 Nf4 28. Bxf4 exf4 29. Nc4 Be7 30. Bg4 Be8 31. e5 Rd8 32. Na5 dxe5 33. Nc6 Bxc6 34. bxc6 Bd6 35. Rb7 Kg6 36. Bd7 c4 37. c7 Bxc7 38. Rxc7 c3 39. Rc6+ Kg7 40. Bf5 Rxd5 41. Rxc3 a5 42. f3 Rd4 43. Bc2 Rd5 44. Bb3 Rd4 45. Rc5 e4 46. fxe4 Rxe4 47. Rxa5 Re1+ 48. Kf2 Rb1 49. Rb5 1-0

[Event "84th Annual Southwest Open"]
[Site "Irving"]
[Date "2018.09.03"]
[Round "8"]
[White "Guo, Arthur"]
[Black "Kung, Thomas"]
[Result "1-0"]
[ECO "C65"]
[WhiteElo "2283"]
[BlackElo "2132"]
[Annotator "NA"]
[PlyCount "129"]
[EventDate "2018.08.31"]
[EventType "swiss"]
[EventCountry "USA"]
[SourceTitle "playchess.com"]
[Source "ChessBase"]
[SourceQuality "1"]
[TimeControl "5400+30"]

1. e4 e5 2. Nf3 Nc6 3. Bb5 Nf6 4. d3 Bc5 5. Bxc6 dxc6 6. h3 {[%emt 0:00:02] C65: Ruy Lopez: Berlin Defence (3...Nf6), unusual lines and 4 0-0 Bc5} Nd7 7. Be3 O-O 8. Nc3 Bd6 9. O-O Re8 10. a4 a5 11. Nd2 Nf8 $146 ({Predecessor:} 11... b6 12. Nc4 Ba6 13. Nxd6 cxd6 {1-0 (50) Caruana,F (2802)-Hou,Y (2652) chess.com INT 2017}) 12. Nc4 Ng6 13. Qh5 Be6 14. b3 Qe7 15. Ne2 f6 16. Ng3 Qd7 17. Nd2 Bb4 18. Nf3 Nf4 19. Bxf4 exf4 20. Ne2 Bf7 21. Qg4 Qxg4 22. hxg4 g5 23. g3 h5 24. Nh2 {[%emt 0:08:10] [#]} f3 $1 25. Nxf3 hxg4 26. Nfd4 Rad8 27. Nf5 Bg6 28. Ne3 f5 29. c3 Bc5 30. d4 Rxe4 31. dxc5 f4 32. Nxf4 gxf4 33. Nxg4 Kg7 34. f3 Re2 35. gxf4 Rdd2 36. Rad1 Bc2 37. Rxd2 Rxd2 38. Re1 Rd1 39. Rxd1 Bxd1 40. b4 Bxf3 41. Ne3 b6 42. bxa5 bxa5 43. Kf2 Be4 44. Ke2 Bb1 45. Nc4 Bc2 46. Nxa5 Bxa4 47. Kf3 Kf6 48. Nc4 Bd1+ 49. Ke4 Bh5 50. Ne5 Be8 51. Ng4+ Kg6 52. Ke5 Bd7 53. Nf6 Bh3 54. Ne8 Kf7 55. Nxc7 Bg2 56. f5 Bf3 57. Ne6 Bd5 58. Ng5+ Ke7 59. f6+ Kd7 60. Kf5 Bb3 61. Kg6 Ke8 62. Kg7 Bc4 63. f7+ Bxf7 64. Nxf7 Ke7 65. Ng5 1-0

[Event "84th Annual Southwest Open"]
[Site "Irving"]
[Date "2018.09.03"]
[Round "8"]
[White "Lin, Andy"]
[Black "Kumar, Naman"]
[Result "1-0"]
[ECO "A49"]
[WhiteElo "2274"]
[BlackElo "1914"]
[Annotator "NA"]
[PlyCount "79"]
[EventDate "2018.08.31"]
[EventType "swiss"]
[EventCountry "USA"]
[SourceTitle "playchess.com"]
[Source "ChessBase"]
[SourceQuality "1"]
[TimeControl "5400+30"]

1. Nf3 Nf6 2. g3 g6 3. b3 Bg7 4. Bb2 O-O 5. Bg2 d6 6. d4 Nbd7 7. O-O e5 8. dxe5 Ng4 9. Qd2 Rb8 {[%emt 0:07:33] A49: 1 d4 Nf6 2 Nf3 g6 3 g3: Anti-King's Indian systems} (9... Ndxe5 10. c4 Re8 11. Nc3 a5 12. Rad1 Bh6 13. Qc2 Bf5 14. e4 Nxf3+ 15. Bxf3 Bd7 16. Bg2 Bg7 17. h3 {1-0 (41) Meier,G (2632)-Amin,B (2635) Dubai 2014}) 10. c4 Ngxe5 11. Nd4 $146 ({Predecessor:} 11. Nc3 a6 12. Nxe5 dxe5 13. Rfd1 c6 14. Ne4 Qe7 15. a4 Nf6 16. Qg5 h6 17. Qxe5 Qxe5 18. Bxe5 Nxe4 19. Bxb8 Bxa1 20. Bxe4 {1-0 (37) Kosic,D (2455)-Jovanovic,S (2290) Arandjelovac 1993}) 11... Nc5 12. Nc3 Ne6 13. Nc2 a6 14. Ne3 f5 15. f4 Nc6 16. Na4 Re8 (16... Ncd4 $11) 17. Bxg7 Nxg7 18. Qc3 Bd7 19. Nd5 Rxe2 20. Rfe1 Rxe1+ 21. Rxe1 Be6 22. Nb2 ({White should try} 22. Nf6+ $16 Kh8 23. Nh5 gxh5 24. Rxe6) 22... Ne7 (22... h6 $11 {remains equal.}) 23. Rxe6 Nxe6 24. Qf6 $1 Nxd5 25. Qxe6+ Kg7 26. Qxd5 ({Much worse is} 26. Bxd5 Qe8 $14) 26... Qf6 27. Qd2 c6 28. Nd1 Re8 29. Kf2 Qe6 $16 30. Qd4+ Kf7 31. Ne3 a5 32. Bf3 h5 33. h3 Re7 34. Be2 Qf6 35. Qd2 Re4 36. Bf3 Rd4 37. Qe2 b5 38. cxb5 cxb5 39. Nd5 Qd8 40. Qe3 1-0

[Event "84th Annual Southwest Open"]
[Site "Irving"]
[Date "2018.09.03"]
[Round "8"]
[White "Kumar, Nikhil"]
[Black "Yim, Sung Ho"]
[Result "1-0"]
[ECO "E06"]
[WhiteElo "2268"]
[BlackElo "2271"]
[Annotator "NA"]
[PlyCount "59"]
[EventDate "2018.08.31"]
[EventType "swiss"]
[EventCountry "USA"]
[SourceTitle "playchess.com"]
[Source "ChessBase"]
[SourceQuality "1"]
[TimeControl "5400+30"]

1. d4 Nf6 2. c4 e6 3. Nf3 d5 4. g3 Be7 5. Bg2 O-O 6. O-O dxc4 7. Qc2 c6 8. Qxc4 b5 {[%emt 0:00:05] E06: Katalanisch} 9. Qd3 (9. Qc2 Bb7 10. Nc3 Nbd7 11. Rd1 Qb6 12. Ne5 Rfd8 13. Be3 Nd5 14. Nxd5 cxd5 15. Rac1 Rac8 16. Qd3 b4 17. Rxc8 Bxc8 {½-½ (41) So,W (2799)-Mamedyarov,S (2809) Berlin 2018}) 9... Bb7 10. a4 a6 11. Nc3 Nbd7 12. Bf4 b4 13. Ne4 Nxe4 14. Qxe4 Nf6 15. Qc2 Rc8 16. Rfd1 c5 17. dxc5 Qa5 $146 ({Vorgänger:} 17... Bd5 18. c6 Rxc6 19. Qxc6 Bxc6 20. Rxd8 Rxd8 {1-0 (56) Laxman,R (2503)-Ankit,R (2298) Chennai 2010}) 18. Nd4 Bxg2 ({Better is} 18... Rxc5 $14 19. Qd2 Qb6) 19. Nb3 Qb6 20. cxb6 Rxc2 21. Kxg2 Rxe2 22. Nd4 Rxb2 23. b7 Ng4 24. h3 Nxf2 25. Rdb1 Nd3+ $18 26. Rxb2 Nxb2 27. Nc6 Bf6 28. b8=Q Rxb8 29. Bxb8 b3 30. Be5 1-0

[Event "84th Annual Southwest Open"]
[Site "Irving"]
[Date "2018.09.03"]
[Round "8"]
[White "Easton, Jack"]
[Black "Hung, Daniel"]
[Result "1/2-1/2"]
[ECO "D21"]
[WhiteElo "2262"]
[BlackElo "2104"]
[Annotator "NA"]
[PlyCount "83"]
[EventDate "2018.08.31"]
[EventType "swiss"]
[EventCountry "USA"]
[SourceTitle "playchess.com"]
[Source "ChessBase"]
[SourceQuality "1"]
[TimeControl "5400+30"]

1. d4 d5 2. c4 dxc4 3. Nf3 c5 4. e3 cxd4 5. Bxc4 Qc7 6. Qb3 e6 7. exd4 Nf6 {[%emt 0:01:05] D21: Queen's Gambit Accepted: 3 Nf3 sidelines} 8. Nc3 (8. O-O Be7 9. Nc3 a6 10. Be3 O-O 11. Rac1 Nc6 12. Be2 Rd8 13. Rfd1 Ng4 14. Na4 Nxe3 15. fxe3 {0-1 (40) Spraggett,K (2595)-Gajewski,G (2628) Barcelona 2012}) 8... a6 9. Bd3 Nc6 10. O-O Be7 11. Bd2 O-O 12. Rac1 Qd7 $146 ({Predecessor:} 12... Rd8 13. Ne4 Qb8 14. Rfe1 Bd7 15. Nc5 Be8 16. Be3 {1-0 (85) Rocha,W (2325)-Lima,D (2475) Rio de Janeiro 1998}) 13. Ne2 Rd8 14. Rfd1 b5 15. Bb1 Bb7 16. Be1 Rac8 17. Qe3 h6 18. a3 Bf8 19. h3 Ne7 20. Rxc8 Rxc8 21. Ne5 Qe8 22. Nf4 Ned5 23. Nxd5 Bxd5 24. Rc1 Rxc1 25. Qxc1 Be4 26. Bxe4 Nxe4 27. Qc7 Bd6 28. Qb7 Bxe5 29. dxe5 Nc5 30. Qb6 Qc8 31. Bd2 Na4 32. Qd4 Qc5 33. Qd8+ Kh7 34. Qd3+ Kg8 35. Qd8+ Kh7 36. b3 Nb2 37. Qd6 Qc2 38. Qb4 Nd3 39. Qe4+ Kg8 40. Qa8+ Kh7 41. Qe4+ Kg8 42. Qa8+ $11 1/2-1/2

[Event "84th Annual Southwest Open"]
[Site "Irving"]
[Date "2018.09.03"]
[Round "8"]
[White "Noland, Shawn W"]
[Black "Oberoi, Shelev"]
[Result "0-1"]
[ECO "C34"]
[WhiteElo "2071"]
[BlackElo "1896"]
[Annotator "NA"]
[PlyCount "74"]
[EventDate "2018.08.31"]
[EventType "swiss"]
[EventCountry "USA"]
[SourceTitle "playchess.com"]
[Source "ChessBase"]
[SourceQuality "1"]
[TimeControl "5400+30"]

1. e4 e5 2. f4 exf4 3. Nf3 c6 4. d4 d5 5. exd5 cxd5 6. Bxf4 Bd6 7. Qd2 Ne7 8. Bd3 O-O 9. O-O Ng6 10. Bg5 f6 11. Be3 Be6 12. Qf2 Nf4 $16 (12... Nc6 $11) 13. Bxf4 Bxf4 14. Nh4 Bc7 15. Nf5 g6 16. Nh4 Nc6 17. c3 Qd6 18. g3 f5 19. Na3 a6 20. Qe3 Rae8 21. Qh6 Qd7 22. Rae1 Qg7 23. Qxg7+ Kxg7 24. Ng2 Bf7 25. Nc2 h6 26. Rf3 Rxe1+ 27. Ncxe1 Re8 28. Kf2 Nb8 29. Nh4 Re6 30. Re3 Rb6 31. b3 Rc6 32. Bf1 Nd7 33. Bg2 Nf6 34. c4 Ng4+ 35. Ke2 Nxe3 36. Kxe3 Re6+ 37. Kd2 Ba5+ 0-1

[Event "84th Annual Southwest Open"]
[Site "Irving"]
[Date "2018.09.03"]
[Round "8"]
[White "Sanchez, Robert"]
[Black "Free, Graham"]
[Result "1/2-1/2"]
[ECO "B13"]
[WhiteElo "1834"]
[BlackElo "1926"]
[Annotator "NA"]
[PlyCount "21"]
[EventDate "2018.08.31"]
[EventType "swiss"]
[EventCountry "USA"]
[SourceTitle "playchess.com"]
[Source "ChessBase"]
[SourceQuality "1"]
[TimeControl "5400+30"]

1. e4 c6 2. d4 d5 3. exd5 cxd5 4. Bd3 Nc6 5. c3 Qc7 6. Nf3 Bg4 7. h3 Bh5 8. O-O e6 9. Re1 Bd6 10. Nbd2 Nge7 11. Nf1 1/2-1/2

[Event "84th Annual Southwest Open"]
[Site "Irving"]
[Date "2018.09.03"]
[Round "8"]
[White "Huang, Max"]
[Black "Findlay, Ian T"]
[Result "0-1"]
[ECO "A65"]
[WhiteElo "1805"]
[BlackElo "2263"]
[Annotator "NA"]
[PlyCount "82"]
[EventDate "2018.08.31"]
[EventType "swiss"]
[EventCountry "USA"]
[SourceTitle "playchess.com"]
[Source "ChessBase"]
[SourceQuality "1"]
[TimeControl "5400+30"]

1. d4 Nf6 2. c4 c5 3. d5 e6 4. Nc3 exd5 5. cxd5 d6 6. e4 g6 7. Bd3 Bg7 8. h3 {[%emt 0:00:03] A65: Modern Benoni: 6 e4} a6 9. a4 Nbd7 10. Nf3 Nh5 11. O-O Ne5 12. Be2 Nxf3+ 13. Bxf3 Qh4 14. Bxh5 gxh5 {[%emt 0:00:03] [#]} 15. Ne2 $146 Rg8 {[%emt 0:20:01] [#]} 16. Ra3 $1 Be5 17. Ng3 Bxh3 $1 18. gxh3 Qxh3 19. Qf3 h4 20. Qf5 Qxf5 21. exf5 hxg3 22. f4 Bf6 23. Kg2 h5 24. Rxg3 Kd7 25. Rg5 Rae8 26. Kh3 Bxg5 27. fxg5 Re5 28. Kh4 Rxd5 29. Kxh5 Rh8+ 30. Kg4 Rd4+ 31. Rf4 Rxf4+ 32. Bxf4 b5 33. axb5 $19 axb5 34. g6 fxg6 35. fxg6 Ke6 36. Kg5 Rh1 37. g7 Rg1+ 38. Kh6 Kf7 39. Bxd6 Rg6+ 40. Kh7 Rxg7+ 41. Kh8 Rg6 0-1

[Event "84th Annual Southwest Open"]
[Site "Irving"]
[Date "2018.09.03"]
[Round "9"]
[White "Green, Austen"]
[Black "Sanchez, Robert"]
[Result "1/2-1/2"]
[ECO "B00"]
[WhiteElo "2087"]
[BlackElo "1834"]
[Annotator "NA RC"]
[PlyCount "100"]
[EventDate "2018.08.31"]
[EventType "swiss"]
[EventCountry "USA"]
[SourceTitle "playchess.com"]
[Source "ChessBase"]
[SourceQuality "1"]
[TimeControl "5400+30"]

1. e4 Nc6 2. d4 d5 3. e5 Bf5 4. Be3 e6 5. h4 f6 6. g4 Be4 7. f3 Bg6 8. h5 Bf7 9. f4 fxe5 10. fxe5 Be7 11. Nf3 Qd7 12. c3 O-O-O 13. b4 Kb8 14. Bb5 Nh6 15. Rg1 Rhf8 16. Nbd2 Be8 17. Qb1 Nxg4 18. Rxg4 Bxh5 {[%emt 0:00:01] [#]} 19. Rg3 $1 h6 20. Qh7 $2 (20. Qb3 $18) 20... Rf7 $2 (20... a6 $11 21. Ba4 g5) 21. O-O-O Rdf8 22. Rf1 a6 {[%emt 0:00:30] [#]} 23. Be2 $2 (23. Ba4 $1 $18) 23... Na7 $2 (23... a5 $11) 24. Rxg7 Bxb4 25. Rxf7 ({Much less strong is} 25. cxb4 $6 Rxg7 26. Qxh6 Bg4 $14) ({Inferior is} 25. Qxh6 Ba3+ 26. Kc2 Rxg7 $15) 25... Ba3+ 26. Kb1 Rxf7 {[%emt 0:00:37] [#]} 27. Qc2 $1 Nb5 28. Ka1 Qc6 29. Nb1 ({Inferior is} 29. Bxh6 Bb4 $11) 29... Be7 30. Ng1 Rxf1 31. Bxf1 Bg4 32. Bh3 Bh5 33. Ne2 ({Jedoch nicht} 33. Bxh6 $6 Nxd4 34. Qd3 Nf5 $16) 33... Bf3 (33... Bg5 $16 {is a better defense.}) 34. Bf1 (34. Bxh6 $18 Be4 35. Qb3) 34... Be4 35. Qb3 h5 36. Nf4 Bg5 {[%emt 0:03:42] [#]} (36... Bxb1 $16 37. Bxb5 (37. Kxb1 Nxc3+ 38. Kb2 Na4+ 39. Ka1 Nb6 $16) 37... axb5) 37. a4 $1 Na7 38. c4 $2 ({White should try} 38. Nd2 $18) 38... Bxb1 (38... Bxf4 $1 $15 39. Bxf4 Bxb1 40. cxd5 (40. Kxb1 dxc4 41. Qc2 Qf3 $17) 40... Bc2 41. dxc6 Bxb3 42. cxb7 Bxa4) 39. Kxb1 dxc4 40. Qxc4 Bxf4 (40... Qf3 $1 $11 41. Qe2 (41. Nxe6 Qxe3 42. Qxc7+ Ka8 $11) 41... Qc6) 41. Qxc6 Nxc6 42. Bxf4 Nxd4 43. Bh3 Kc8 44. Be3 Nf5 45. Bxf5 ({Better is} 45. Bf2 $16) 45... exf5 46. Kc2 Kd7 47. Kd3 Ke6 48. Bf4 Kd5 49. Bh2 b5 50. axb5 axb5 $11 {[%emt 0:42:26] Ke4+ [%clk 0:00:00] Kxe5+*} 1/2-1/2

[Event "84th Annual Southwest Open"]
[Site "Irving"]
[Date "2018.09.04"]
[Round "9"]
[White "Kumar, Naman"]
[Black "Huang, Max"]
[Result "1/2-1/2"]
[ECO "B41"]
[WhiteElo "1914"]
[BlackElo "1805"]
[Annotator "NA RC"]
[PlyCount "85"]
[EventDate "2018.08.31"]
[EventType "swiss"]
[EventCountry "USA"]
[SourceTitle "playchess.com"]
[Source "ChessBase"]
[SourceQuality "1"]
[TimeControl "5400+30"]

1. e4 c5 2. Nf3 e6 3. d4 cxd4 4. Nxd4 a6 5. c4 {[%emt 0:00:01] LiveBook: 2734 Games} Qc7 6. Nc3 d6 7. Be2 Nf6 8. O-O Nbd7 9. Be3 b6 10. Qd2 Bb7 11. f3 Be7 12. Rfc1 O-O 13. a4 {[%emt 0:00:12] B41: Sizilianisch (Paulsen-Variante)} (13. b4 Rac8 14. Nb3 Qb8 15. Bf1 Rfe8 16. Qf2 Bd8 17. Na4 Ba8 18. c5 b5 19. Nc3 Bc7 20. g3 dxc5 21. Nxc5 Nxc5 22. bxc5 {1-0 (45) Nepomniachtchi,I (2729)-Ponkratov,P (2613) Riadh 2017}) 13... a5 14. Ndb5 Qb8 15. Bf4 Nc5 $146 ({Vorgänger:} 15... Ne5 16. Rd1 Rd8 17. Kh1 Bc6 18. Qe3 h6 19. Qf2 Nfd7 20. Qg3 Kh7 {1-0 (45) Drabke,L (2441)-Jens,J (2375) Deizisau 2003}) 16. Qc2 ({Wrong is} 16. Nxd6 $2 Nb3 $17) 16... Nfd7 17. Rd1 Ne5 18. Be3 Rd8 19. f4 Nc6 20. Bxc5 (20. Bf3 $14) 20... bxc5 21. Bf3 Bf6 22. Kh1 g6 23. Qd2 Nd4 24. Nxd4 Bxd4 (24... cxd4 $15 25. Nb5 e5) 25. Nb5 Bg7 26. Ra3 Ra6 27. Rd3 Bf8 {[%emt 0:03:27] [#]} 28. e5 $1 Bxf3 29. gxf3 Qb7 30. exd6 Raxd6 31. Nxd6 Rxd6 32. Rxd6 Bxd6 33. Qxd6 $2 (33. Kg2 $16 Be7 34. Qc3 (34. Qxa5 Qxb2+ 35. Rd2 Qb3 $18)) 33... Qxf3+ 34. Kg1 Qe3+ 35. Kg2 Qe2+ 36. Kg3 Qe3+ $11 37. Kg4 Qe2+ 38. Kg3 Qe3+ 39. Kh4 Qf2+ 40. Kg5 h6+ 41. Kf6 Qh4+ 42. Ke5 Qh5+ 43. Ke4 1/2-1/2